 Dungeon Crawl Stone Soup version 0.31-a0-431-g88bdf31460 (webtiles) character file.

Game seed: 8607373660955948712

280 randomguy2701 the Trooper (level 6, -2/56 HPs)
             Began as a Minotaur Fighter on July 31, 2023.
             Was an Initiate of Okawaru.
             Slain by Duvessa
             ... wielding a +0 short sword
              (8 damage)
             ... on level 4 of the Dungeon.
             The game lasted 00:02:41 (2278 turns).

randomguy2701 the Trooper (Minotaur Fighter)        Turns: 2278, Time: 00:02:42

Health: -2/56      AC: 14    Str: 20    XL:     6   Next: 5%
Magic:  5/5        EV:  6    Int:  5    God:    Okawaru [......]
Gold:   127        SH:  5    Dex: 12    Spells: 5/5 levels left

rFire   . . .        a - +0 war axe
rCold   . . .        c - +0 buckler
rNeg    . . .        h - +0 plate armour
rPois   +            (helmet restricted)
rElec   .            (no cloak)
rCorr   +            u - +1 pair of gloves "Izxeorr" {rPois Slay+2}
SInv    .            (no boots)
Will    .....        (no amulet) Stlth
                     f - ring of resist corrosion
HPRegen 0.29/turn    (no ring)
MPRegen 0.09/turn

%: no passive effects
@: no status effects
A: horns 2, retaliatory headbutt
a: Renounce Religion


You were on level 4 of the Dungeon.
You worshipped Okawaru.
Okawaru was noncommittal.
You visited 1 branch of the dungeon, and saw 4 of its levels.

You collected 127 gold pieces.

Inventory:

Hand Weapons
 a - a +0 war axe (weapon)
Armour
 c - a +0 buckler (worn)
 h - a +0 plate armour (worn)
 u - the +1 pair of gloves "Izxeorr" (worn) {rPois Slay+2}
   (You found it on level 2 of the Dungeon)

   Slay:      It affects your accuracy & damage with ranged weapons and melee
   (+2).
   rPois:     It protects you from poison.
Jewellery
 f - a ring of resist corrosion (left hand)
Wands
 q - a wand of paralysis (11)
 y - a wand of iceblast (11)
Scrolls
 b - a scroll of enchant armour {unknown}
 k - a scroll of immolation {unknown}
 l - a scroll of blinking {unknown}
 m - 4 scrolls of identify {unknown}
 o - 3 scrolls of fear {unknown}
 p - a scroll of silence {unknown}
 s - 4 scrolls of poison {unknown}
 v - a scroll of torment {unknown}
 w - a scroll of teleportation {unknown}
 x - a scroll of vulnerability {unknown}
 z - a scroll of brand weapon {unknown}
Potions
 d - a potion of might
 e - 3 potions of enlightenment {unknown}
 g - a potion of lignification {unknown}
 i - 3 potions of attraction {unknown}
 j - a potion of magic {unknown}
 n - 2 potions of degeneration {unknown}
 r - a potion of curing {unknown}
 t - 2 potions of heal wounds {unknown}


   Skills:
 + Level 5.5 Fighting
 + Level 4.8 Axes
 + Level 5.1 Armour
 + Level 0.6 Dodging
 + Level 4.0 Shields


You had 5 spell levels left.
You didn't know any spells.
Your spell library contained the following spells:

 Spells                   Type           Power      Damage    Failure   Level
 Ozocubu's Armour         Ice            0%         N/A       100%        3
 Ozocubu's Refrigeration  Ice            0%         4d7       100%        7


Dungeon Overview and Level Annotations

Branches:
Dungeon (4/15)
 Temple: D:4-7

Altars:
Dithmenos
Nemelex Xobeh
Okawaru
Qazlal
Sif Muna
Wu Jian

Annotations:
D:4 Duvessa


Innate Abilities, Weirdness & Mutations

You have a pair of horns on your head.
You reflexively headbutt those who attack you in melee.


Message History

Dowan is severely wounded.
You block Dowan's attack.
You barely miss Dowan.
Dowan is severely wounded.
Dowan hits you with a +0 dagger. Dowan barely misses you.
You slash Dowan!
You kill Dowan!
Okawaru accepts your kill.
You hear a distant scream of rage.
You have reached level 6!
HP restored.
Things that are here:
a +0 dagger; a +0 robe of resistance; the elf corpse of Dowan Duvessa, Sister of Dowan comes into view.
She is wielding a +0 short sword.
Duvessa shouts!
Duvessa goes berserk!
Duvessa rages.
Duvessa is nearby!
Duvessa is nearby!
Duvessa rages.
Things that are here:
a +0 dagger; a +0 robe of resistance; the elf corpse of Dowan Duvessa rages.
Duvessa hits you but does no damage.
You hit Duvessa. You headbutt Duvessa!
Duvessa is moderately wounded.
Duvessa hits you with a +0 short sword! x2
You closely miss Duvessa.
Duvessa is moderately wounded.
Duvessa hits you with a +0 short sword! x2
* * * LOW HITPOINT WARNING * * *
You hit Duvessa.
Duvessa is moderately wounded.
Duvessa hits you but does no damage. Duvessa hits you with a +0 short sword!
* * * LOW HITPOINT WARNING * * *
Unknown command.
You barely miss Duvessa. You headbutt Duvessa, but do no damage.
Duvessa is moderately wounded.
Duvessa hits you with a +0 short sword!
You die...

#.### #...# #.
###.# #.# #.# #)#
#.# #.# #.# ##.##
#.# #...# #.. #.#
#...########.....
#.#
#...@e)........#
#.#
#..###########...
#.###..# #......#
#......# #.######
..># #####


You could see Duvessa (berserk).

Vanquished Creatures
  A scorpion (D:4)
  Dowan (D:4)
  2 orc wizards (D:3)
  3 gnolls (D:3)
  3 adders
  2 worms
  2 dart slugs (D:2)
  7 orcs (D:3)
  7 endoplasms
  4 goblins
  5 hobgoblins
  5 jackals
  3 quokkas
  4 ball pythons
  3 bats
  A frilled lizard (D:1)
  A kobold (D:3)
  5 rats
59 creatures vanquished.

Notes
Turn   | Place    | Note
-------+----------+-------------------------------------------
     0 | D:1      | randomguy2701 the Minotaur Fighter began the quest for the
                  | Orb.
     0 | D:1      | Reached XP level 1. HP: 19/19 MP: 0/0
   216 | D:1      | Reached XP level 2. HP: 27/27 MP: 1/1
   703 | D:2      | Reached XP level 3. HP: 30/34 MP: 2/2
   961 | D:2      | Identified the +1 pair of gloves "Izxeorr" {rPois Slay+2}
  1236 | D:3      | Reached XP level 4. HP: 41/41 MP: 3/3
  1622 | D:3      | Found a faded altar of an unknown god.
  1775 | D:3      | Found an ornate altar of the Wu Jian Council.
  1776 | D:3      | Found a shimmering blue altar of Sif Muna.
  1777 | D:3      | Found a stormy altar of Qazlal.
  1777 | D:3      | Found a sparkling altar of Nemelex Xobeh.
  1777 | D:3      | Found an iron altar of Okawaru.
  1781 | D:3      | Found a shadowy altar of Dithmenos.
  1831 | D:3      | Reached XP level 5. HP: 47/47 MP: 4/4
  1855 | D:3      | Reached skill level 5 in Armour
  2115 | D:3      | Became a worshipper of Warmaster Okawaru
  2162 | D:4      | Reached skill level 5 in Fighting
  2195 | D:4      | Noticed Dowan
  2203 | D:4      | Killed Dowan
  2204 | D:4      | Reached XP level 6. HP: 38/56 MP: 5/5
  2267 | D:4      | Noticed Duvessa
  2278 | D:4      | Slain by Duvessa

Illustrated notes

Levels and vault maps discovered:
D:1:      eino_arrival_cavern_e, layout_rooms
D:2:      wad_crossroads, layout_rooms
D:3:      layout_basic, minitemple, hellmonk_ecumenical_altar_leap_of_faith
D:4:      layout_loops_ring, kennysheep_ying_yang, serial_shops,
          nicolae_shop_gaudy_bauble, uniq_duvessa, uniq_grinder

Skill      XL: |  1  2  3  4  5 |
---------------+----------------+-----
Fighting       | 4 5 |  5.5
Axes           | 3 4 |  4.8
Armour         | 4 5 |  5.1
Shields        | 4 |  4.0
Dodging        | |  0.6

Action                     |  1- 3 |  4- 6 || total
---------------------------+-------+-------++-------
  Melee: War axe           |    67 |    71 ||   138
         Headbutt          |     6 |     8 ||    14
 Armour: Plate armour      |    45 |    45 ||    90
  Dodge: Dodged            |    14 |    11 ||    25
  Block: Buckler           |    14 |    14 ||    28

Table legend: (Time is in decaauts)
 A = Elapsed time spent in this place.
 B = Non-inter-level travel time spent in this place.
 C = Inter-level travel time spent in this place.
 D = Time resting spent in this place.
 E = Time spent auto-exploring this place.
 F = Levels seen in this place.
 G = Mean time per level.
                   A        B        C        D        E       F      G
               +--------+--------+--------+--------+--------+-----+--------+
         Total |   2325 |   2134 |    191 |      0 |   1718 |   4 |  581.2 |
       Dungeon |   2325 |   2134 |    191 |      0 |   1718 |   4 |  581.2 |
               +--------+--------+--------+--------+--------+-----+--------+

Top non-repeatable levels by time:
     D:3: 961 daAuts
     D:2: 654 daAuts
     D:1: 562 daAuts
     D:4: 147 daAuts
